 Dungeon Crawl Stone Soup version 0.25-a0-185-g6cfeca75b2 (webtiles) character file.

Game seed: 15000606976380612401, levelgen mode: deterministic

186 MisterFreud the Chiller (level 5, -1/31 HPs)
             Began as an Octopode Ice Elementalist on Nov 27, 2019.
             Was an Initiate of Cheibriados.
             Slain by a worker ant (5 damage)
             ... on level 5 of the Dungeon.
             The game lasted 00:04:07 (2358 turns).

MisterFreud the Chiller (Octopode Ice Elementalist) Turns: 2358, Time: 00:04:07

Health: -1/31      AC:  8    Str:  9    XL:     5   Next: 66%
Magic:  11/11      EV: 13    Int: 19    God:    Cheibriados [......]
Gold:   141        SH:  0    Dex: 13    Spells: 8/12 levels left

rFire    . . .     SeeInvis .   h - +0 short sword (protect)
rCold    . . .     Gourm    .   (no shield)
rNeg     . . .     Faith    .   (helmet restricted)
rPois    .         Spirit   .   (no amulet)
rElec    .         Reflect  .   (no ring)
rCorr    .         Harm     .   (no ring)
MR       .....                  (no ring)
Stlth    +++.......             (no ring)
HPRegen  0.10/turn              (no ring)
MPRegen  0.12/turn              (no ring)
                                (no ring)
                                (no ring)

@: lethally poisoned (-1 -> -10), protection aura, very slow
A: almost no armour, stealthy swim, amphibious, 8 rings, constrict 8, camouflage
1, gelatinous body 1
a: Bend Time, Renounce Religion


You were on level 5 of the Dungeon.
You worshipped Cheibriados.
Cheibriados was noncommittal.
You were not hungry.

You visited 1 branch of the dungeon, and saw 5 of its levels.

You collected 141 gold pieces.

Inventory:

Hand Weapons
 h - a +0 short sword of protection (weapon)
Armour
 d - a +1 shield
 m - a +0 large shield
Scrolls
 f - a scroll of enchant armour
 i - a scroll of fog {unknown}
 j - 4 scrolls of teleportation {unknown}
 k - a scroll of identify {unknown}
 l - a scroll of remove curse
 n - a scroll of magic mapping {unknown}
Potions
 c - a potion of lignification {unknown}
 e - 2 potions of heal wounds {unknown}
 g - a potion of flight {unknown}
 o - a potion of cancellation {unknown}
Comestibles
 b - 6 rations
 p - 4 chunks of flesh


   Skills:
 - Level 2.0 Dodging
 - Level 2.6 Stealth
 - Level 4.0 Spellcasting
   Level 1.0 Conjurations
 + Level 4.7 Ice Magic


You had 8 spell levels left.
You knew the following spells:

 Your Spells              Type           Power        Failure   Level  Hunger
a - Freeze                Ice            ###.         1%          1    None
b - Ozocubu's Armour      Chrm/Ice       ##......     16%         3    ###....

Your spell library contained the following spells:

 Spells                   Type           Power        Failure   Level  Hunger
 Throw Frost              Conj/Ice       ##....       6%          2    ##.....
 Throw Icicle             Conj/Ice       ##......     38%         4    ####...
 Summon Ice Beast         Ice/Summ       ##......     45%         4    ####...


Dungeon Overview and Level Annotations

Branches:
Dungeon (5/15)
 Temple: D:4-7

Altars:
Cheibriados
Dithmenos
Gozag
Qazlal
Ru
Sif Muna
Yredelemnul

Annotations:
D:3 Sigmund
D:4 Menkaure


Innate Abilities, Weirdness & Mutations

You cannot wear most types of armour.
You are very stealthy in the water. (Stealth+)
You are amphibious.
You can wear up to eight rings at the same time.
You can use your tentacles to constrict eight enemies at once.
Your skin changes colour to match your surroundings (Stealth+).
Your rubbery body absorbs attacks. (AC +1, EV +1)


Message History

* * * LOW HITPOINT WARNING * * *
You feel better.
You constrict the worker ant, but do no damage.
The worker ant barely misses you. Something hits you.
* * * LOW HITPOINT WARNING * * *
You hit the worker ant.
Your weapon exudes an aura of protection.
The worker ant is moderately wounded.
You constrict the worker ant. The worker ant barely misses you.
Something hits you but does no damage.
You hit the worker ant but do no damage.
You squeeze the worker ant, but do no damage.
The worker ant is heavily wounded.
You constrict the worker ant. The worker ant bites you.
* * * LOW HITPOINT WARNING * * *
You are lethally poisoned!
The worker ant poisons you! Something hits you.
* * * LOW HITPOINT WARNING * * *
The worker ant bites you.
You die...

.. ... ..
..# #. ..#
#. ..# #.
..# #. ..#
#{#..#####
#a@.......
#.#.......
#. ..#.._.
.. ..# ...
#.. .#. .
..# ....
##. .# ..
## .. ...


You could see a worker ant.

Vanquished Creatures
  A howler monkey (D:3)
  Jessica (D:3)
  Natasha (twice) (D:3)
  An adder (D:2)
  An ooze (D:1)
  3 dart slugs
  3 leopard geckos
  An orc (D:2)
  8 bats
  A giant cockroach (D:2)
  6 goblins
  7 hobgoblins
  2 jackals (D:1)
  A ball python (D:1)
  3 frilled lizards
  4 kobolds
  10 rats
55 creatures vanquished.

Notes
Turn   | Place    | Note
-------+----------+-------------------------------------------
     0 | D:1      | MisterFreud the Octopode Ice Elementalist began the quest
                  | for the Orb.
     0 | D:1      | Reached XP level 1. HP: 11/11 MP: 3/3
   186 | D:1      | Reached XP level 2. HP: 3/17 MP: 5/5
   886 | D:1      | Reached XP level 3. HP: 21/21 MP: 7/7
  1536 | D:2      | Reached XP level 4. HP: 26/27 MP: 9/9
  1576 | D:2      | Found an opulent altar of Gozag.
  1576 | D:2      | Found a shadowy altar of Dithmenos.
  1581 | D:2      | Found a sacrificial altar of Ru.
  1583 | D:2      | Found a shimmering blue altar of Sif Muna.
  1585 | D:2      | Found a basalt altar of Yredelemnul.
  1654 | D:2      | Found a sacrificial altar of Ru.
  1752 | D:2      | Learned a level 3 spell: Ozocubu's Armour
  1788 | D:2      | Found a snail-covered altar of Cheibriados.
  1794 | D:2      | Became a worshipper of Cheibriados the Contemplative
  1810 | D:3      | Noticed Sigmund
  1840 | D:3      | Noticed Jessica
  1850 | D:3      | Killed Jessica
  1873 | D:3      | Reached XP level 5. HP: 19/31 MP: 9/11
  2017 | D:3      | Noticed Natasha
  2036 | D:3      | Killed Natasha
  2203 | D:3      | Noticed Natasha
  2211 | D:3      | Killed Natasha
  2338 | D:4      | Noticed Menkaure
  2353 | D:5      | Entered Level 5 of the Dungeon
  2353 | D:5      | Found a stormy altar of Qazlal.
  2358 | D:5      | Slain by a worker ant

Levels and vault maps discovered:
D:1:      giann_bridges, layout_basic, minivault_23, kennysheep_small_spiral,
          minmay_misc_feat_chi
D:2:      layout_rooms, chequers_temple_overflow_minitemple,
          cheibriados_altar_1, first_ration, nicolae_ru_the_path_less_chosen
D:3:      layout_loops_corners, uniq_sigmund, uniq_natasha, uniq_jessica
D:4:      layout_cave_pools, grunt_temple_overflow_lords_of_destruction,
          st_stairs_12, uniq_menkaure
D:5:      layout_loops_ring, lemuel_coloured_pillars_altar, basic_altar,
          lightli_minifort, uniq_eustachio, uniq_ijyb

Skill      XL: |  1  2  3  4 |
---------------+-------------+-----
Spellcasting   | 3 4 |  4.0
Ice Magic      | 4 |  4.7
Dodging        | |  2.0
Stealth        | |  2.6
Conjurations   | |  1.0

Action                   |  1- 3 |  4- 6 || total
-------------------------+-------+-------++-------
Melee: Unarmed           |    54 |       ||    54
       Tentacles         |    19 |     9 ||    28
       Constrict         |    25 |    14 ||    39
       Short sword       |    50 |    45 ||    95
 Cast: Freeze            |       |     4 ||     4
  Use: Scroll            |     3 |       ||     3
       Potion            |       |     3 ||     3
 Stab: Sleeping          |    10 |     7 ||    17
  Eat: Chunk             |     2 |     3 ||     5
Armor: Skin              |    11 |    13 ||    24
Dodge: Dodged            |    81 |    35 ||   116

Table legend:
 A = Non-vault XP
 B = Vault XP
 C = Vault XP percentage of total XP
 D = Non-vault monster count
 E = Vault monster count
 F = Vault count percentage of total count
                 A         B        C        D         E       F
            +---------+---------+-------+---------+---------+-------
      Total |     195 |      72 |  27.0 |      53 |       2 |   3.6
            +---------+---------+-------+---------+---------+-------
        D:1 |      40 |       0 |   0.0 |      22 |       0 |   0.0
        D:2 |      49 |       0 |   0.0 |      18 |       0 |   0.0
        D:3 |     106 |      72 |  40.4 |      13 |       2 |  13.3
            +---------+---------+-------+---------+---------+-------
